| TOP OF THE 1ST |
|
Batavia Clippers batting - Pitching for Niagara Falls Rapids : LHP Steven Oliver
|
|
Pitching: LHP Steven Oliver
|
|
|
Batting: SHB Rafael Villaman
|
0-0: Ball 1-0: Foul Ball, location: 2F 1-1: Ball 2-1: Called Strike 2-2: Foul Ball, location: 2F 2-2: Ball 3-2: Strikes out swinging
|
|
Batting: RHB Jerry Lomastro
|
0-0: Ball 1-0: Ball 2-0: Called Strike 2-1: Foul Ball, location: 2F 2-2: Strikes out looking
|
|
Batting: RHB Mickey Brantley
|
0-0: Ball 1-0: Fly out, F6 (Popup, 6S, EV 83.8 MPH)
|
| Top of the 1st over - 0 runs, 0 hits, 0 errors, 0 left on base; Batavia 0 - Niagara Falls 0 |
| BOTTOM OF THE 1ST |
|
Niagara Falls Rapids batting - Pitching for Batavia Clippers : RHP Greg Hughes
|
|
Pitching: RHP Greg Hughes
|
|
|
Batting: RHB Jeffrey Whelan
|
0-0: Fly out, F8 (Line Drive, 8RD, EV 95.0 MPH)
|
|
Batting: LHB Joe Vavra
|
0-0: Foul Ball, location: 2F 0-1: Ball 1-1: Fly out, F7 (Flyball, 7, EV 92.5 MPH)
|
|
Batting: LHB John Rubel
|
0-0: Called Strike 0-1: Ball 1-1: SINGLE (Groundball, 56S, EV 71.9 MPH) (infield hit)
|
|
Batting: LHB Thomas Krupa
|
0-0: Ball 1-0: Ball 2-0: Called Strike 2-1: Fielders Choice at 2nd, 5-4 (Groundball, 5, EV 83.8 MPH)
|
| Bottom of the 1st over - 0 runs, 1 hit, 0 errors, 1 left on base; Batavia 0 - Niagara Falls 0 |
| TOP OF THE 2ND |
|
Batavia Clippers batting - Pitching for Niagara Falls Rapids : LHP Steven Oliver
|
|
Batting: RHB Dave Sax
|
0-0: Fly out, F8 (Line Drive, 8RD, EV 105.0 MPH)
|
|
Batting: RHB Glenn Carpenter
|
0-0: Called Strike 0-1: Foul Ball, location: 2F 0-2: Ball 1-2: Strikes out looking
|
|
Batting: LHB Mike Botkin
|
0-0: Swinging Strike 0-1: Ball 1-1: Ball 2-1: Foul Ball, location: 2F 2-2: Ball 3-2: Foul Ball, location: 2F 3-2: Ground out 6-3 (Groundball, 6, EV 91.9 MPH)
|
| Top of the 2nd over - 0 runs, 0 hits, 0 errors, 0 left on base; Batavia 0 - Niagara Falls 0 |
| BOTTOM OF THE 2ND |
|
Niagara Falls Rapids batting - Pitching for Batavia Clippers : RHP Greg Hughes
|
|
Batting: LHB Brad Winkler
|
0-0: Ball 1-0: Ground out 4-3 (Groundball, 34, EV 91.3 MPH)
|
|
Batting: RHB Milo Choate
|
0-0: Foul Ball, location: 2F 0-1: Fly out, F9 (Flyball, 89D, EV 106.3 MPH)
|
|
Batting: LHB Eric Brock
|
0-0: Ball 1-0: Swinging Strike 1-1: Swinging Strike 1-2: Strikes out swinging
|
| Bottom of the 2nd over - 0 runs, 0 hits, 0 errors, 0 left on base; Batavia 0 - Niagara Falls 0 |
| TOP OF THE 3RD |
|
Batavia Clippers batting - Pitching for Niagara Falls Rapids : LHP Steven Oliver
|
|
Batting: RHB Larry Kiesling
|
0-0: Foul Ball, location: 2F 0-1: Called Strike 0-2: Ball 1-2: TRIPLE (Flyball, 89XD, EV 108.1 MPH)
|
|
Batting: RHB Jorge Gonzalez
|
0-0: Ball 1-0: Fly out, F7 (Flyball, 7, EV 81.9 MPH) Runner from 3rd tags up, SCORES, throw by LF
|
|
Batting: RHB Mark Kuecker
|
0-0: Swinging Strike 0-1: Ball 1-1: Swinging Strike 1-2: Strikes out looking
|
|
Batting: SHB Rafael Villaman
|
0-0: Ball 1-0: Ball 2-0: Called Strike 2-1: Ball 3-1: Fly out, F5 (Flyball, 5D, EV 94.4 MPH)
|
| Top of the 3rd over - 1 run, 1 hit, 0 errors, 0 left on base; Batavia 1 - Niagara Falls 0 |
| BOTTOM OF THE 3RD |
|
Niagara Falls Rapids batting - Pitching for Batavia Clippers : RHP Greg Hughes
|
|
Batting: RHB Jeff Schaefer
|
0-0: Ball 1-0: Called Strike 1-1: Fly out, F5 (Popup, 5SF, EV 67.5 MPH)
|
|
Batting: RHB Greg Tarnow
|
0-0: Foul Ball, location: 2F 0-1: Ball 1-1: DOUBLE (Line Drive, 8LD, EV 110.6 MPH)
|
|
Batting: RHB Jeffrey Whelan
|
0-0: Foul Ball, location: 2F 0-1: Called Strike 0-2: Ball 1-2: Ball 2-2: Ground out 6-3 (Groundball, 56D, EV 104.4 MPH)
|
|
Batting: LHB Joe Vavra
|
0-0: Called Strike 0-1: Ball 1-1: Called Strike 1-2: Ball 2-2: Ball 3-2: Foul Ball, location: 2F 3-2: Base on Balls
|
|
Batting: LHB John Rubel
|
0-0: Called Strike 0-1: Called Strike 0-2: Ball 1-2: Strikes out swinging
|
| Bottom of the 3rd over - 0 runs, 1 hit, 0 errors, 2 left on base; Batavia 1 - Niagara Falls 0 |
| TOP OF THE 4TH |
|
Batavia Clippers batting - Pitching for Niagara Falls Rapids : LHP Steven Oliver
|
|
Batting: RHB Jerry Lomastro
|
0-0: Ball 1-0: Ball 2-0: Ball 3-0: Base on Balls
|
|
Batting: RHB Mickey Brantley
|
0-0: Swinging Strike 0-1: Called Strike 0-2: Ball 1-2: Ball 2-2: Foul Ball, location: 2F 2-2: Foul Ball, location: 2F 2-2: Strikes out swinging
|
|
Batting: RHB Dave Sax
|
0-0: Ball 1-0: DOUBLE (Flyball, 8LXD, EV 91.3 MPH) Jerry Lomastro to third Runner from 3rd tries for Home, SAFE, throw by CF to trailing runner, SAFE at third!
|
|
Batting: RHB Glenn Carpenter
|
0-0: Ball 1-0: Ball 2-0: Fly out, F8 (Flyball, 89D, EV 93.8 MPH) Runner from 3rd tags up, SCORES, throw by CF
|
|
Batting: LHB Mike Botkin
|
0-0: Fly out, F7 (Line Drive, 7, EV 90.0 MPH)
|
| Top of the 4th over - 2 runs, 1 hit, 0 errors, 0 left on base; Batavia 3 - Niagara Falls 0 |
| BOTTOM OF THE 4TH |
|
Niagara Falls Rapids batting - Pitching for Batavia Clippers : RHP Greg Hughes
|
|
Batting: LHB Thomas Krupa
|
0-0: Ball 1-0: Called Strike 1-1: Called Strike 1-2: Ground out 6-3 (Groundball, 6, EV 86.9 MPH)
|
|
Batting: LHB Brad Winkler
|
0-0: Called Strike 0-1: Ball 1-1: Foul Ball, location: 2F 1-2: Ball 2-2: Fly out, F9 (Flyball, 89XD, EV 104.4 MPH)
|
|
Batting: RHB Milo Choate
|
0-0: Ball 1-0: Foul Ball, location: 2F 1-1: Ball 2-1: Ball 3-1: Foul Ball, location: 2F 3-2: Foul Ball, location: 2F 3-2: Ground out U3 (Groundball, 34, EV 82.5 MPH)
|
| Bottom of the 4th over - 0 runs, 0 hits, 0 errors, 0 left on base; Batavia 3 - Niagara Falls 0 |
| TOP OF THE 5TH |
|
Batavia Clippers batting - Pitching for Niagara Falls Rapids : LHP Steven Oliver
|
|
Batting: RHB Larry Kiesling
|
0-0: Ball 1-0: Called Strike 1-1: Ball 2-1: Fly out, F6 (Popup, 6MD, EV 52.5 MPH)
|
|
Batting: RHB Jorge Gonzalez
|
0-0: Ball 1-0: Ball 2-0: Ground out 6-3 (Groundball, 56, EV 82.5 MPH)
|
|
Batting: RHB Mark Kuecker
|
0-0: Ball 1-0: Foul Ball, location: 2F 1-1: Called Strike 1-2: Foul Ball, location: 2F 1-2: Ball 2-2: Ball 3-2: Base on Balls
|
|
Batting: SHB Rafael Villaman
|
0-0: Ball 1-0: Called Strike 1-1: Foul Ball, location: 2F 1-2: Fly out, F8 (Flyball, 8RS, EV 89.4 MPH)
|
| Top of the 5th over - 0 runs, 0 hits, 0 errors, 1 left on base; Batavia 3 - Niagara Falls 0 |
| BOTTOM OF THE 5TH |
|
Niagara Falls Rapids batting - Pitching for Batavia Clippers : RHP Greg Hughes
|
|
Batting: LHB Eric Brock
|
0-0: Ball 1-0: Ball 2-0: Foul Ball, location: 2F 2-1: Ball 3-1: Swinging Strike 3-2: Base on Balls
|
|
Batting: RHB Jeff Schaefer
|
0-0: Swinging Strike Eric Brock is caught stealing 2nd base 2-4 0-1: Ball 1-1: Ball 2-1: Ground out 6-3 (Groundball, 6, EV 103.1 MPH)
|
|
Batting: RHB Greg Tarnow
|
0-0: Ball 1-0: Called Strike 1-1: Ball 2-1: DOUBLE (Flyball, 89D, EV 91.9 MPH)
|
|
Batting: RHB Jeffrey Whelan
|
0-0: Called Strike 0-1: Ground out U3 (Groundball, 3L, EV 88.1 MPH)
|
| Bottom of the 5th over - 0 runs, 1 hit, 0 errors, 1 left on base; Batavia 3 - Niagara Falls 0 |
| TOP OF THE 6TH |
|
Batavia Clippers batting - Pitching for Niagara Falls Rapids : LHP Steven Oliver
|
|
Batting: RHB Jerry Lomastro
|
0-0: Ball 1-0: Ball 2-0: TRIPLE (Groundball, 3L, EV 105.6 MPH)
|
|
Batting: RHB Mickey Brantley
|
0-0: Called Strike 0-1: Foul Ball, location: 2F 0-2: Strikes out swinging
|
|
Batting: RHB Dave Sax
|
0-0: Called Strike 0-1: Ball 1-1: Foul Ball, location: 2F 1-2: SINGLE (Flyball, 6MD, EV 85.0 MPH) Jerry Lomastro scores
|
|
Batting: RHB Glenn Carpenter
|
0-0: Ball 1-0: Called Strike 1-1: Ball 2-1: Ball 3-1: SINGLE (Line Drive, 8LS, EV 95.0 MPH) Dave Sax to second Runner from 2nd tries for 3rd, SAFE, no throw by LF
|
|
Batting: LHB Mike Botkin
|
0-0: Ball 1-0: Called Strike 1-1: Ball 2-1: Ball 3-1: Foul Ball, location: 2F 3-2: 3-RUN HOME RUN (Flyball, 7LD, EV 100.0 MPH), Distance : 359 ft
|
|
Pitching: RHP Mike Sullivan
|
|
|
Batting: RHB Larry Kiesling
|
0-0: Foul Ball, location: 2F 0-1: Ball 1-1: Ball 2-1: Swinging Strike 2-2: Strikes out swinging
|
|
Batting: RHB Jorge Gonzalez
|
0-0: SINGLE (Line Drive, 56D, EV 94.4 MPH)
|
|
Batting: RHB Mark Kuecker
|
0-0: Called Strike 0-1: Ground out 4-3 (Groundball, 4, EV 96.9 MPH)
|
| Top of the 6th over - 4 runs, 5 hits, 0 errors, 1 left on base; Batavia 7 - Niagara Falls 0 |
| BOTTOM OF THE 6TH |
|
Niagara Falls Rapids batting - Pitching for Batavia Clippers : RHP Greg Hughes
|
|
Batting: LHB Joe Vavra
|
0-0: Foul Ball, location: 2F 0-1: SINGLE (Line Drive, 89S, EV 105.6 MPH)
|
|
Batting: LHB John Rubel
|
0-0: Called Strike 0-1: Ball 1-1: Swinging Strike 1-2: Foul Ball, location: 2F 1-2: Ball Wild Pitch! Joe Vavra to second 2-2: Foul Ball, location: 2F 2-2: Ball 3-2: Foul Ball, location: 2F 3-2: Ground out 5-3 (Groundball, 56, EV 95.0 MPH)
|
|
Batting: LHB Thomas Krupa
|
0-0: Swinging Strike 0-1: 2-RUN HOME RUN (Line Drive, 9D, EV 100.0 MPH), Distance : 377 ft
|
|
Batting: LHB Brad Winkler
|
0-0: Called Strike 0-1: Ball 1-1: Swinging Strike 1-2: Ball 2-2: Foul Ball, location: 2F 2-2: Foul Ball, location: 2F 2-2: Strikes out looking
|
|
Batting: RHB Milo Choate
|
0-0: Called Strike 0-1: Ball 1-1: Swinging Strike 1-2: Foul Ball, location: 2F 1-2: Ball 2-2: Foul Ball, location: 2F 2-2: Ball 3-2: Fly out, F9 (Flyball, 89S, EV 91.9 MPH)
|
| Bottom of the 6th over - 2 runs, 2 hits, 0 errors, 0 left on base; Batavia 7 - Niagara Falls 2 |
| TOP OF THE 7TH |
|
Batavia Clippers batting - Pitching for Niagara Falls Rapids : RHP Mike Sullivan
|
|
Batting: SHB Rafael Villaman
|
0-0: Called Strike 0-1: Fly out, F4 (Popup, 4MD, EV 61.3 MPH)
|
|
Batting: RHB Jerry Lomastro
|
0-0: DOUBLE (Line Drive, 89D, EV 107.5 MPH)
|
|
Batting: RHB Mickey Brantley
|
0-0: Ball 1-0: Called Strike 1-1: Swinging Strike 1-2: Foul Ball, location: 2F 1-2: SINGLE (Groundball, 6MD, EV 100.0 MPH) Jerry Lomastro to third Runner from 3rd tries for Home, SAFE, throw by CF to home
|
|
Batting: RHB Dave Sax
|
0-0: Foul Ball, location: 2F 0-1: Ball 1-1: Swinging Strike 1-2: Foul Ball, location: 2F 1-2: Foul Ball, location: 2F 1-2: Foul Ball, location: 2F 1-2: Ball 2-2: Ball 3-2: SINGLE (Line Drive, 9S, EV 103.8 MPH) Mickey Brantley to second
|
|
Batting: RHB Glenn Carpenter
|
0-0: Ball 1-0: Ball Mickey Brantley steals 3rd, throwing error, E2 Mickey Brantley scores Dave Sax to third 2-0: Ball 3-0: Called Strike 3-1: Foul Ball, location: 2F 3-2: Strikes out swinging
|
|
Batting: LHB Mike Botkin
|
0-0: Fly out, F8 (Flyball, 8RM, EV 88.8 MPH)
|
| Top of the 7th over - 2 runs, 3 hits, 1 error, 1 left on base; Batavia 9 - Niagara Falls 2 |
| BOTTOM OF THE 7TH |
|
Niagara Falls Rapids batting - Pitching for Batavia Clippers : RHP Greg Hughes
|
|
Batting: LHB Eric Brock
|
0-0: Foul Ball, location: 2F 0-1: Foul Ball, location: 2F 0-2: Ball 1-2: Ball 2-2: Ground out U3 (Groundball, 3, EV 89.4 MPH)
|
|
Batting: RHB Jeff Schaefer
|
0-0: Ball 1-0: Called Strike 1-1: Ball 2-1: Ball 3-1: Fly out, F8 (Flyball, 8LD, EV 110.0 MPH)
|
|
Batting: RHB Greg Tarnow
|
0-0: Ball 1-0: Ball 2-0: Foul Ball, location: 2F 2-1: Foul Ball, location: 2F 2-2: Ball 3-2: Fly out, F8 (Flyball, 8RD, EV 100.0 MPH)
|
| Bottom of the 7th over - 0 runs, 0 hits, 0 errors, 0 left on base; Batavia 9 - Niagara Falls 2 |
| TOP OF THE 8TH |
|
Batavia Clippers batting - Pitching for Niagara Falls Rapids : RHP Mike Sullivan
|
|
Batting: RHB Larry Kiesling
|
0-0: Ball 1-0: Called Strike 1-1: Ground out 6-3 (Groundball, 6, EV 79.4 MPH)
|
|
Batting: RHB Jorge Gonzalez
|
0-0: Ball 1-0: Ground out 4-3 (Groundball, 4S, EV 85.6 MPH)
|
|
Pitching: LHP Keith Walker
|
|
|
Batting: RHB Mark Kuecker
|
0-0: Ball 1-0: Fly out, F4 (Popup, 4MS, EV 72.5 MPH)
|
| Top of the 8th over - 0 runs, 0 hits, 0 errors, 0 left on base; Batavia 9 - Niagara Falls 2 |
| BOTTOM OF THE 8TH |
|
Niagara Falls Rapids batting - Pitching for Batavia Clippers : RHP Greg Hughes
|
|
Batting: RHB Jeffrey Whelan
|
0-0: Foul Ball, location: 2F 0-1: DOUBLE (Line Drive, 8RD, EV 111.3 MPH)
|
|
Batting: LHB Joe Vavra
|
0-0: Called Strike 0-1: Ball 1-1: Ball 2-1: Ground out 5-3 (Groundball, 56, EV 91.9 MPH)
|
|
Batting: LHB John Rubel
|
0-0: Foul Ball, location: 2F 0-1: Ball 1-1: Called Strike 1-2: Foul Ball, location: 2F 1-2: DOUBLE (Line Drive, 89XD, EV 106.3 MPH) Jeffrey Whelan scores
|
|
Batting: LHB Thomas Krupa
|
0-0: Called Strike 0-1: TRIPLE (Flyball, 89XD, EV 108.8 MPH) John Rubel scores
|
|
Batting: LHB Brad Winkler
|
0-0: Ball 1-0: Foul Ball, location: 2F 1-1: Foul Ball, location: 2F 1-2: Fly out, F8 (Flyball, 8LM, EV 81.3 MPH) Runner from 3rd tags up, OUT at HOME! 8-2
|
| Bottom of the 8th over - 2 runs, 3 hits, 0 errors, 0 left on base; Batavia 9 - Niagara Falls 4 |
| TOP OF THE 9TH |
|
Batavia Clippers batting - Pitching for Niagara Falls Rapids : LHP Keith Walker
|
|
Batting: SHB Rafael Villaman
|
0-0: Ball 1-0: Called Strike 1-1: Ball 2-1: Called Strike 2-2: Foul Ball, location: 2F 2-2: Foul Ball, location: 2F 2-2: Strikes out looking
|
|
Batting: RHB Jerry Lomastro
|
0-0: Called Strike 0-1: Ball 1-1: Ball 2-1: Foul Ball, location: 2F 2-2: Ball 3-2: Strikes out swinging
|
|
Batting: RHB Mickey Brantley
|
0-0: Swinging Strike 0-1: Ball 1-1: Ball 2-1: Swinging Strike 2-2: Strikes out swinging
|
| Top of the 9th over - 0 runs, 0 hits, 0 errors, 0 left on base; Batavia 9 - Niagara Falls 4 |
| BOTTOM OF THE 9TH |
|
Niagara Falls Rapids batting - Pitching for Batavia Clippers : RHP Greg Hughes
|
|
Batting: RHB Milo Choate
|
0-0: Ball 1-0: Swinging Strike 1-1: Called Strike 1-2: Ball 2-2: Foul Ball, location: 2F 2-2: Ball 3-2: Ground out 6-3 (Groundball, 6, EV 86.9 MPH)
|
|
Pitching: RHP Martin Sosa
|
|
|
Batting: LHB Eric Brock
|
0-0: Called Strike 0-1: Ball 1-1: Ball 2-1: Fly out, F4 (Line Drive, 4, EV 67.5 MPH)
|
|
Batting: RHB Jeff Schaefer
|
0-0: Ground out 5-3 (Groundball, 25, EV 90.6 MPH)
|
| Bottom of the 9th over - 0 runs, 0 hits, 0 errors, 0 left on base; Batavia 9 - Niagara Falls 4 |
|